 Dungeon Crawl Stone Soup version 0.17-a0-2122-g03d97ec (webtiles) character file.

718 Ordine the Cruncher (level 7, -6/56 HPs)
             Began as a Minotaur Gladiator on Oct 20, 2015.
             Mangled by an ice beast (14 damage)
             ... on level 5 of the Dungeon.
             The game lasted 00:10:36 (4589 turns).

Ordine the Cruncher (Minotaur Gladiator)            Turns: 4589, Time: 00:10:36

Health: -6/56      AC:  8    Str: 20    XL:     7   Next: 42%
Magic:  6/6        EV:  8    Int:  5    God:
Gold:   199        SH:  0    Dex: 12    Spells: 1 memorised, 5 levels left

rFire  . . .     SeeInvis .     a - +0 quarterstaff
rCold  . . .     Clarity  .     q - +0 chain mail
rNeg   . . .     SustAt   .     (no shield)
rPois  .         Gourm    .     c - +0 hat
rElec  .         Spirit   .     (no cloak)
rCorr  .         Warding  .     (no gloves)
rMut   .         Stasis   .     (no boots)
MR     .....                    (no amulet)
Stlth  ..........               (no ring)
                                (no ring)

@: very slightly contaminated, hasted, very quick, not resistant to hostile
enchantments, extremely unstealthy
A: retaliatory headbutt, horns 2
a: no special abilities


You were on level 5 of the Dungeon.
You were near starving.

You visited 1 branch of the dungeon, and saw 5 of its levels.

You collected 199 gold pieces.

Inventory:

Hand Weapons
 a - a +0 quarterstaff (weapon)
Missiles
 i - 2 throwing nets (quivered)
Armour
 c - a +0 hat (worn)
 f - a +1 large shield
 q - a +0 chain mail (worn)
Wands
 b - a wand of hasting (4)
 l - a wand of lightning (10)
 v - a wand of digging (9)
Scrolls
 k - 5 scrolls of teleportation
Potions
 g - a potion of cure mutation
 m - a potion of brilliance {unknown}
 n - a potion of haste {unknown}
 p - a potion of invisibility {unknown}
 r - a potion of might {unknown}
 s - 2 potions of lignification {unknown}
 t - 2 potions of mutation {unknown}
Books
 h - a book of Geomancy

   Spells                             Type                      Level
   a - Sandblast                      Earth                        1
   b - Stoneskin                      Transmutation/Earth          2
   c - Passwall                       Transmutation/Earth          3
   d - Stone Arrow                    Conjuration/Earth            3
   e - Petrify                        Transmutation/Earth          4
   f - Lee's Rapid Deconstruction     Earth                        5
Comestibles
 d - a royal jelly
 e - 5 bread rations
 j - a meat ration
 o - 2 beef jerkies
 u - a slice of pizza


   Skills:
 - Level 2.4 Fighting
 + Level 10.4 Staves
 - Level 2.0 Throwing
 - Level 3.2 Dodging


You had 5 spell levels left.
You knew the following spells:

 Your Spells              Type           Power        Failure   Level  Hunger
a - Sandblast             Erth           #.....       100%        1    ##.....


Dungeon Overview and Level Annotations

Branches:
Dungeon (5/15)
 Temple: D:4-7

Altars:
Gozag
Makhleb


Innate Abilities, Weirdness & Mutations

You reflexively headbutt those who attack you in melee.
You have a pair of horns on your head.


Message History

You barely miss the ogre.
The ogre is heavily wounded.
You hit the ogre.
The ogre is severely wounded.
The ogre hits you with a giant club!
* * * LOW HITPOINT WARNING * * *
You are too injured to fight recklessly!
Drink which item? (? for menu, Esc to quit)
Okay, then.
Unknown command.
You see here a scorpion corpse.
Evoke which item? (* to show all) (? for menu, Esc to quit)
Zapping:
b - a wand of hasting (5)
Press: ? - help, Shift-Dir - straight line, f - you You feel yourself speed up.
You are very lightly contaminated with residual magic.
This wand has 4 charges left.
The ice beast hits you.
* * * LOW HITPOINT WARNING * * *
The ice beast freezes you!
You die...

######### #........
#.####### #<....... ###
########## #.#######
#...##........# #.#
#.............# #####.#
#.%.........OY#####...#.#
#.......######@.......#.#
#.......# #........#.#
........# #........#.#
#.......# #......###.###
#.......# #......###...
#....#..#
#..........#######
.........
+...........>.....
#........
#..........#######
####+#.....#


You could see an ice beast and an ogre.

Vanquished Creatures
  Sigmund (D:3)
  An ogre (D:4)
  A scorpion (D:5)
  A crimson imp (D:3)
  An orc priest (D:3)
  4 worker ants
  Jessica (D:3)
  Natasha (thrice) (D:2)
  7 gnolls
  4 adders
  2 worms
  2 giant geckos
  9 orcs
  A ball python (D:3)
  4 bats
  3 giant cockroaches
  10 hobgoblins
  11 jackals
  6 kobolds
  5 quokkas
  A ball python skeleton (D:4)
  A giant newt (D:1)
  11 goblins
  A quokka skeleton (D:4)
  7 rats
98 creatures vanquished.

Notes
Turn   | Place    | Note
--------------------------------------------------------------
     0 | D:1      | Ordine the Minotaur Gladiator began the quest for the Orb.
     0 | D:1      | Reached XP level 1. HP: 18/18 MP: 0/0
    55 | D:1      | Reached skill level 4 in Staves
   166 | D:1      | Reached XP level 2. HP: 25/25 MP: 1/1
   840 | D:2      | Learned a level 1 spell: Sandblast
   872 | D:2      | Reached skill level 5 in Staves
   994 | D:2      | Reached XP level 3. HP: 14/30 MP: 2/2
  1141 | D:2      | Found an opulent altar of Gozag.
  1291 | D:2      | Noticed Natasha
  1297 | D:2      | Killed Natasha
  1399 | D:2      | Noticed Natasha
  1405 | D:2      | Killed Natasha
  1405 | D:2      | Reached XP level 4. HP: 20/37 MP: 3/3
  1571 | D:2      | Noticed Natasha
  1578 | D:2      | Killed Natasha
  1704 | D:2      | Reached skill level 6 in Staves
  1796 | D:2      | Found a burning altar of Makhleb.
  2131 | D:3      | Reached skill level 7 in Staves
  2131 | D:3      | Reached XP level 5. HP: 20/42 MP: 4/4
  2647 | D:3      | Noticed Sigmund
  2677 | D:3      | Killed Sigmund
  2677 | D:3      | Reached skill level 8 in Staves
  2677 | D:3      | Reached XP level 6. HP: 29/50 MP: 5/5
  3012 | D:3      | Reached skill level 9 in Staves
  3116 | D:3      | Noticed Jessica
  3122 | D:3      | Killed Jessica
  3680 | D:4      | Reached XP level 7. HP: 15/56 MP: 6/6
  4226 | D:4      | Reached skill level 10 in Staves
  4487 | D:5      | Entered Level 5 of the Dungeon
  4589 | D:5      | Mangled by an ice beast

Vault maps used:
D:1:      dpeg_arrival_windows_large_door
D:2:      overflow_temple_1_default, nicolae_gozag_seed_capital, uniq_natasha
D:3:      kennysheep_boxes, uniq_sigmund, uniq_jessica
D:4:      first_bread
D:5:      enter_ossuary_5, uniq_grinder, uniq_pikel, uniq_duvessa

Action                   |  1- 3 |  4- 6 |  7- 9 || total
-------------------------+-------+-------+-------++-------
Melee: Quarterstaff      |    64 |   157 |    56 ||   277
Throw: Throwing net      |       |     5 |       ||     5
Evoke: Wand              |       |       |     1 ||     1
  Use: Scroll            |     5 |     1 |     2 ||     8
       Potion            |       |     2 |       ||     2
  Eat: Chunk             |     1 |     8 |     1 ||    10
